 Dungeon Crawl Stone Soup version 0.21-a0-24-ga372141 (webtiles) character file.

30 Chiseanne the Grasshopper (level 3, 0/27 HPs)
             Began as a Human Warper on May 25, 2017.
             Slain by a bullfrog skeleton (3 damage)
             ... on level 1 of the Dungeon.
             The game lasted 00:02:39 (1727 turns).

Chiseanne the Grasshopper (Human Warper)            Turns: 1727, Time: 00:02:40

Health: 0/27       AC:  5    Str: 12    XL:     3   Next: 35%
Magic:  6/6        EV: 11    Int: 13    God:
Gold:   67         SH:  0    Dex: 12    Spells: 4/6 levels left

rFire    . . .     SeeInvis .     - Unarmed
rCold    . . .     Gourm    .   (no shield)
rNeg     . . .     Faith    .   p - +0 ring mail
rPois    .         Spirit   .   (no helmet)
rElec    .         Reflect  .   (no cloak)
rCorr    .         Harm     .   (no gloves)
MR       .....                  (no boots)
Stlth    +.........             (no amulet)
Regen    0.1/turn               (no ring)
MPRegen  0.1/turn               (no ring)

@: no status effects
A: no striking features
a: no special abilities


You were on level 1 of the Dungeon.
You were not hungry.

You visited 1 branch of the dungeon, and saw 1 of its levels.

You collected 67 gold pieces.

Inventory:

Missiles
 d - 5 tomahawks of dispersal (quivered)
 e - 33 stones
 o - 44 bolts
Armour
 p - a +0 ring mail (worn)
Scrolls
 a - a scroll of enchant armour {unknown}
 c - a scroll of blinking
 i - a scroll of amnesia {unknown}
 k - a scroll of identify {unknown}
Potions
 g - 2 potions of flight {unknown}
 h - a potion of haste {unknown}
 j - 2 potions of agility {unknown}
 l - a potion of curing {unknown}
Books
 b - a book of Spatial Translocations

   Spells                             Type                      Level
   a - Blink                          Translocation                2
   b - Shroud of Golubria             Charms/Translocation         2
   c - Lesser Beckoning               Translocation                3
   d - Gell's Gravitas                Translocation                3
   e - Teleport Other                 Translocation                3
   f - Passage of Golubria            Translocation                4
Comestibles
 f - a bread ration
 n - a meat ration


   Skills:
 * Level 2.2 Fighting
 - Level 1.0 Throwing
 * Level 1.0 Armour
 * Level 2.7 Dodging
 * Level 2.4 Unarmed Combat
 * Level 2.2 Spellcasting
 - Level 3.0 Translocations


You had 4 spell levels left.
You knew the following spells:

 Your Spells              Type           Power        Failure   Level  Hunger
a - Blink                 Tloc           N/A          24%         2    ###....


Dungeon Overview and Level Annotations

Branches:
Dungeon (1/15)

Altars:


Message History

The rat bites you.
* * * LOW HITPOINT WARNING * * *
You hit the bullfrog skeleton.
The bullfrog skeleton is severely damaged.
The bullfrog skeleton hits you but does no damage.
The rat barely misses you.
You hit the bullfrog skeleton but do no damage.
The bullfrog skeleton is severely damaged.
The bullfrog skeleton closely misses you.
The bullfrog skeleton barely misses you.
The rat barely misses you.
You hit the bullfrog skeleton.
The bullfrog skeleton is almost destroyed.
The bullfrog skeleton hits you.
* * * LOW HITPOINT WARNING * * *
The rat bites you but does no damage.
You barely miss the bullfrog skeleton.
The bullfrog skeleton is almost destroyed.
The bullfrog skeleton hits you.
You die...

# ##.##.##.##......# ##.......
####........#############........
'.......................'........
####.....########....####........
##.....### #####.#.## ##.......
#.....#### #...##### ##.....#
##.......## #.....## ##...##
####.....####.....## ##'##
#####......@r...# #.#
###..##..#.##Z...# #.#
#####..#..#.######)..# ##.##
.....######## ####..# ##...##
...### ###..)..######.....# ...#
###......##.....#...## ..##
##........######.##.## .##
###.........#...##.##.### .#
#..........####..........


You could see a rat and a bullfrog skeleton.

Vanquished Creatures
  An ooze (D:1)
  A leopard gecko (D:1)
  2 giant cockroaches (D:1)
  6 goblins (D:1)
  4 hobgoblins (D:1)
  3 bats (D:1)
  2 frilled lizards (D:1)
  A kobold (D:1)
  2 rats (D:1)
22 creatures vanquished.

Notes
Turn   | Place    | Note
-------+----------+-------------------------------------------
     0 | D:1      | Chiseanne the Human Warper began the quest for the Orb.
     0 | D:1      | Reached XP level 1. HP: 16/16 MP: 3/3
   476 | D:1      | Reached XP level 2. HP: 22/22 MP: 5/5
   513 | D:1      | Learned a level 2 spell: Blink
  1402 | D:1      | Reached XP level 3. HP: 27/27 MP: 6/6
  1727 | D:1      | Slain by a bullfrog skeleton

Vault maps used:
D:1:      dpeg_arrival_arbitrary_a, serial_aquarium, aquarium_bridge_straight,
          aquarium_window_2, aquarium_window_corridor_3, aquarium_view_2b,
          aquarium_view_2a, aquarium_pool_side

Action                   || total
-------------------------++-------
Melee: Unarmed           ||   110
       Punch             ||     2
  Eat: Chunk             ||     3
Armor: Leather armour    ||    28
       Ring mail         ||    13
Dodge: Dodged            ||    50
